 Dungeon Crawl Stone Soup version 0.30-a0-772-g5528072125 (webtiles) character file.

Game seed: 5518246141244297928

58 tio the Grave Robber (level 4, 0/30 HPs)
             Began as a Human Necromancer on Feb 12, 2023.
             Slain by an orc
             ... wielding a +0 hand axe
              (6 damage)
             ... on level 3 of the Dungeon.
             The game lasted 00:08:07 (2373 turns).

tio the Grave Robber (Human Necromancer)            Turns: 2373, Time: 00:08:08

Health: 0/30       AC:  3    Str: 10    XL:     4   Next: 20%
Magic:  5/8        EV: 12    Int: 16    God:
Gold:   137        SH:  0    Dex: 13    Spells: 7/8 levels left

rFire   . . .      SeeInvis .    d - +0 rapier
rCold   . . .      Faith    .    (no shield)
rNeg    . . .      Spirit   .    a - +0 robe
rPois   .          Reflect  .    (no helmet)
rElec   .          Harm     .    (no cloak)
rCorr   .          Rampage  .    (no gloves)
Will    .....                    j - +0 pair of boots
Stlth   ++                       k - amulet of the acrobat
HPRegen 0.25/turn                (no ring)
MPRegen 0.11/turn                (no ring)

@: weak-willed
A: no striking features
a: no special abilities


You were on level 3 of the Dungeon.
You visited 1 branch of the dungeon, and saw 3 of its levels.

You collected 137 gold pieces.

Inventory:

Hand Weapons
 d - a +0 rapier (weapon)
 h - a +1 dagger of draining
Armour
 a - a +0 robe (worn)
 j - a +0 pair of boots (worn)
Jewellery
 k - an amulet of the acrobat (around neck)
Scrolls
 e - a scroll of noise
 g - a scroll of teleportation
Potions
 b - a potion of magic
 c - a potion of brilliance
 i - a potion of might {unknown}
 l - 2 potions of heal wounds
 m - a potion of haste {unknown}


   Skills:
 + Level 2.0 Dodging
 + Level 2.1 Stealth
 + Level 2.9 Spellcasting
 + Level 4.8 Necromancy


You had 7 spell levels left.
You knew the following spells:

 Your Spells              Type           Power      Damage    Failure   Level
a - Necrotise             Necr           68%        1d7       2%          1

Your spell library contained the following spells:

 Spells                   Type           Power      Damage    Failure   Level
 Vampiric Draining        Necr           17%        2d7       8%          3
 Animate Dead             Necr           17%        N/A       26%         4
 Gell's Gravitas          Tloc           2%         N/A       50%         3
 Teleport Other           Tloc           2%         N/A       50%         3
 Agony                    Necr           17%        N/A       58%         5
 Dispersal                Tloc           1%         N/A       100%        6


Dungeon Overview and Level Annotations

Branches:
Dungeon (3/15)

Altars:


Message History

You're too confused to cast spells.
Are you sure you want to stumble around while confused and next to your goblin skeleton? [Y]es or [N]o only, please.
Are you sure you want to stumble around while confused and next to your goblin skeleton?
Your goblin skeleton hits the orc wizard but does no damage.
The frilled lizard closely misses you. The orc wizard misses you.
Your goblin skeleton closely misses the orc wizard.
An orc priest comes into view. It is wielding a +0 flail.
You completely miss the orc wizard.
The orc wizard is moderately wounded.
Your goblin skeleton barely misses the orc wizard.
The orc wizard closely misses you. The frilled lizard barely misses you.
The frilled lizard attacks as you move away!
The frilled lizard bites you but does no damage.
An orc comes into view. It is wielding a +0 dagger.
The orc wizard gestures at you while chanting.
The puff of flame hits you!
Your goblin skeleton hits the orc wizard but does no damage.
The orc hits you with a +0 hand axe.
You closely miss the frilled lizard.
The orc shouts!
The orc barely misses you.
The frilled lizard bites you but does no damage.
You miss the frilled lizard.
You feel less confused. The orc wizard barely misses you.
The orc hits you with a +0 hand axe.
The frilled lizard bites you but does no damage.
The orc priest looks satisfied for a moment.
Your goblin skeleton closely misses the orc wizard.
You puncture the frilled lizard!
You kill the frilled lizard!
The orc wizard closely misses you. The orc hits you with a +0 hand axe.
Your goblin skeleton hits the orc wizard but does no damage.
You puncture the orc!
You kill the orc!
The orc wizard casts a spell at you. The puff of flame hits you!
* * * LOW HITPOINT WARNING * * *
The orc hits you with a +0 hand axe.
You die...

#. # .#### .#
....##.#
..#....#
####.....).
#.......#
#.......#
#..@....#
#.o)o...#
#..oZ...#
#...o†..#
#........#
#.#.#.......
.$.###..###.#
###. #..# .#
# #..# #


You could see an orc priest, an orc wizard (ally target), 2 orcs and a friendly
goblin skeleton.

Vanquished Creatures
  A dart slug (D:3)
  An orc (D:3)
  4 bats
  An endoplasm (D:1)
  A giant cockroach (D:2)
  3 goblins
  A hobgoblin (D:2)
  14 jackals
  2 kobolds (D:1)
  2 quokkas (D:2)
  4 ball pythons
  6 frilled lizards
  A rat (D:2)
41 creatures vanquished.

Vanquished Creatures (collateral kills)
  An adder (D:2)
  2 frilled lizards
3 creatures vanquished.

Grand Total: 44 creatures vanquished

Notes
Turn   | Place    | Note
-------+----------+-------------------------------------------
     0 | D:1      | tio the Human Necromancer began the quest for the Orb.
     0 | D:1      | Reached XP level 1. HP: 13/13 MP: 3/3
   146 | D:1      | Reached XP level 2. HP: 18/19 MP: 1/5
  1318 | D:2      | Found a faded altar of an unknown god.
  1327 | D:2      | Reached XP level 3. HP: 24/24 MP: 0/6
  1767 | D:2      | Reached XP level 4. HP: 30/30 MP: 5/8
  2373 | D:3      | Slain by an orc

Illustrated notes

Levels and vault maps discovered:
D:1:      eino_arrival_water_cross, layout_basic, serial_bayou_ford_a,
          serial_park_tiny_1, nicolae_figureground_sparkle
D:2:      layout_basic, hellmonk_ecumenical_altar_dog_temple
D:3:      layout_loops_ring, nicolae_ashenzari_skybound,
          nicolae_overflow_ecumenical_swirl, nicolae_goblin_pals,
          uniq_crazy_yiuf_cottage

Action                     |  1- 3 |  4- 6 || total
---------------------------+-------+-------++-------
  Melee: Rapier            |    40 |     5 ||    45
         Unarmed           |    24 |       ||    24
   Cast: Necrotise         |    45 |    11 ||    56
    Use: Scroll            |     4 |     3 ||     7
   Stab: Distracted        |     1 |       ||     1
 Armour: Robe              |     4 |     3 ||     7
  Dodge: Dodged            |    14 |     7 ||    21

Table legend: (Time is in decaauts)
 A = Elapsed time spent in this place.
 B = Non-inter-level travel time spent in this place.
 C = Inter-level travel time spent in this place.
 D = Time resting spent in this place.
 E = Time spent auto-exploring this place.
 F = Levels seen in this place.
 G = Mean time per level.
                   A        B        C        D        E       F      G
               +--------+--------+--------+--------+--------+-----+--------+
         Total |   2389 |   2086 |    303 |      0 |   1780 |   3 |  796.3 |
       Dungeon |   2389 |   2086 |    303 |      0 |   1780 |   3 |  796.3 |
               +--------+--------+--------+--------+--------+-----+--------+

Top non-repeatable levels by time:
     D:1: 1332 daAuts
     D:2: 1035 daAuts
     D:3: 21 daAuts
